 Dungeon Crawl Stone Soup version 0.29-a0-542-g075992c915 (webtiles) character file.

Game seed: 17301236499360110793

387 Bruhh the Grave Robber (level 6, -1/53 HPs)
             Began as an Ogre Necromancer on June 4, 2022.
             Slain by an orc wizard
             ... wielding the +10 spear of Yzenk {pain, MP+9 Str+4 Int+2 Dex+2}
              (7 damage)
             ... on level 5 of the Dungeon.
             The game lasted 00:06:25 (4709 turns).

Bruhh the Grave Robber (Ogre Necromancer)           Turns: 4709, Time: 00:06:25

Health: -1/53      AC:  3    Str: 13    XL:     6   Next: 78%
Magic:  7/14       EV:  9    Int: 18    God:
Gold:   221        SH:  0    Dex:  9    Spells: 12/16 levels left

rFire   . . .      SeeInvis .   d - +0 short sword (freeze)
rCold   . . .      Faith    .   (no shield)
rNeg    . . .      Spirit   .   a - +0 robe
rPois   .          Reflect  .   (helmet restricted)
rElec   .          Harm     .   (no cloak)
rCorr   .          Rampage  .   (gloves unavailable)
Will    .....                   (boots unavailable)
Stlth   +.........              (no amulet)
HPRegen 0.17/turn               (no ring)
MPRegen 0.14/turn               (no ring)

@: hasted, very quick
A: large, unfitting armour, tough skin 1
a: no special abilities


You were on level 5 of the Dungeon.
You visited 1 branch of the dungeon, and saw 5 of its levels.

You collected 221 gold pieces.

Inventory:

Hand Weapons
 c - a +0 dagger
 d - a +0 short sword of freezing (weapon)
Armour
 a - a +0 robe (worn)
Jewellery
 j - an amulet of guardian spirit
 k - a +6 ring of dexterity
Scrolls
 b - a scroll of vulnerability
 e - a scroll of teleportation
 f - 2 scrolls of fear
 g - a scroll of poison {unknown}
 h - a scroll of torment {unknown}
 l - a scroll of immolation {unknown}
 m - a scroll of enchant weapon {unknown}
 n - a scroll of magic mapping {unknown}
 r - a scroll of amnesia {unknown}
Potions
 i - a potion of attraction {unknown}
 o - a potion of berserk rage {unknown}
 p - a potion of degeneration {unknown}
 q - a potion of haste


   Skills:
 - Level 1.7 Dodging
 - Level 1.4 Stealth
 + Level 5.7 Spellcasting
 + Level 5.7 Necromancy


You had 12 spell levels left.
You knew the following spells:

 Your Spells              Type           Power      Damage    Failure   Level
a - Necrotize             Necr           100%       1d9       1%          1
b - Vampiric Draining     Necr           25%        2d7       3%          3

Your spell library contained the following spells:

 Spells                   Type           Power      Damage    Failure   Level
 Freeze                   Ice            20%        1d4       12%         1
 Summon Small Mammal      Summ           20%        N/A       12%         1
 Animate Dead             Necr           25%        N/A       12%         4
 Ensorcelled Hibernation  Hex/Ice        10%        N/A       19%         2
 Agony                    Necr           25%        N/A       32%         5
 Frozen Ramparts          Ice            10%        1d3       36%         3
 Gell's Gravitas          Tloc           5%         N/A       36%         3
 Lesser Beckoning         Tloc           5%         N/A       36%         3
 Spider Form              Tmut/Pois      5%         N/A       36%         3
 Teleport Other           Tloc           5%         N/A       36%         3
 Anguish                  Hex/Necr       7%         N/A       36%         4
 Hailstorm                Conj/Ice       5%         3d4       77%         4


Dungeon Overview and Level Annotations

Branches:
Dungeon (5/15)
 Temple: D:4-7

Altars:
Elyvilon
Yredelemnul


Innate Abilities, Weirdness & Mutations

You are too large for most types of armour.
You have tough skin. (AC +1)


Message History

You draw life force from the orc!
You feel life coursing into your body. The orc hits you with a +0 short sword.
Unknown command.
Casting: Vampiric Draining (dangerous; 3% risk of failure)
Confirm with . or Enter, or press ? or * to list all spells.
Aiming: Vampiric Draining (dangerous; 3% risk of failure)
Press: ? - help, Shift-Dir - straight line, f/p - orc
Aim: an orc, wielding a +0 short sword and wearing a +0 scale mail (almost dead)
You draw life force from the orc!
You kill the orc!
Unknown command.
You hit the white imp but do no damage. The white imp gestures at you.
The puff of frost hits you!
You closely miss the white imp. Something hits you!
You writhe in agony.
The white imp gestures at you. The puff of frost hits you!
* * * LOW HITPOINT WARNING * * *
You are too injured to fight recklessly!
You are too injured to fight recklessly!
You are too injured to fight recklessly!
You are too injured to fight recklessly!
You are too injured to fight recklessly!
You are too injured to fight recklessly!
You are too injured to fight recklessly!
You are too injured to fight recklessly!
You are too injured to fight recklessly!
You are too injured to fight recklessly!
You are too injured to fight recklessly!
You are too injured to fight recklessly!
You are too injured to fight recklessly!
Unknown command.
It was a potion of haste.
You feel yourself speed up. Something completely misses you.
The white imp hits you.
* * * LOW HITPOINT WARNING * * *
The white imp freezes you.
* * * LOW HITPOINT WARNING * * *
Unknown command.
You hit the white imp but do no damage. Something hits you!
You die...

#.8888}888.......#
#.8888.888.####.##
#..........# .#
#####.####..###
#..........##
#........###
#..#...#.#
###..##5##.####
.......@.......
###..#####.#### #.
..# # ..# ##


You could see a white imp.

Vanquished Creatures
  A black bear (D:4)
  2 orc priests
  Natasha (thrice) (D:2)
  6 adders
  2 adder zombies (D:2)
  3 orcs
  13 ball pythons
  3 bats
  2 bat zombies (D:2)
  9 endoplasms
  9 goblins
  4 hobgoblins
  4 jackals (D:2)
  A quokka (D:3)
  A ball python zombie (D:2)
  A frilled lizard (D:2)
  12 kobolds
  7 rats
83 creatures vanquished.

Vanquished Creatures (collateral kills)
  An adder (D:2)
  An endoplasm (D:2)
  A hobgoblin (D:1)
  A kobold (D:1)
4 creatures vanquished.

Vanquished Creatures (others)
  8 plants (D:3)
8 creatures vanquished.

Grand Total: 95 creatures vanquished

Notes
Turn   | Place    | Note
-------+----------+-------------------------------------------
     0 | D:1      | Bruhh the Ogre Necromancer began the quest for the Orb.
     0 | D:1      | Reached XP level 1. HP: 16/16 MP: 3/3
   126 | D:1      | Reached XP level 2. HP: 10/24 MP: 1/5
   901 | D:1      | Found a faded altar of an unknown god.
   909 | D:1      | Got Plato's Grimoire of the Entourage
   982 | D:1      | Reached XP level 3. HP: 28/31 MP: 5/7
  1763 | D:2      | Reached XP level 4. HP: 38/39 MP: 9/9
  2207 | D:2      | Learned a level 3 spell: Vampiric Draining
  2411 | D:2      | Noticed Natasha
  2416 | D:2      | Killed Natasha
  2417 | D:2      | Reached XP level 5. HP: 12/45 MP: 5/11
  2677 | D:2      | Noticed Natasha
  2690 | D:2      | Killed Natasha
  2848 | D:2      | Noticed Natasha
  2856 | D:2      | Killed Natasha
  2857 | D:2      | Reached skill level 5 in Necromancy
  3365 | D:3      | Found a white marble altar of Elyvilon.
  3556 | D:3      | Found a faded altar of an unknown god.
  3568 | D:3      | Found a basalt altar of Yredelemnul.
  3842 | D:4      | Noticed a black bear
  3857 | D:4      | Killed a black bear
  3858 | D:4      | Reached skill level 5 in Spellcasting
  3858 | D:4      | Reached XP level 6. HP: 29/53 MP: 2/14
  4402 | D:5      | Entered Level 5 of the Dungeon
  4669 | D:5      | Identified the +10 spear of Yzenk {pain, MP+9 Str+4 Int+2
                  | Dex+2}
  4709 | D:5      | Slain by an orc wizard

Illustrated notes

Levels and vault maps discovered:
D:1:      dpeg_arrival_boxes_within_box, layout_loops_ring,
          shapermc_ecumenical_altar_rom_forum, st_stairs_8,
          nicolae_concentric_dashed_squares_wild, minmay_tiny_reverse_x
D:2:      layout_rooms, serial_undead, serial_undead_d, serial_undead_a,
          serial_undead_c, serial_undead_b, grunt_decor_resistance,
          roderic_roman_lattice, uniq_natasha
D:3:      layout_loops_ring, nicolae_overflow_crystal_walls,
          nicolae_overflow_ecumenical_swirl, serial_forest,
          infiniplex_forest_lined_corner, infiniplex_forest_clump_diagonal,
          infiniplex_forest_clump_diagonal, infiniplex_forest_clump_long,
          infiniplex_forest_lined_corner, infiniplex_forest_clump_diagonal,
          minmay_between
D:4:      layout_basic
D:5:      layout_loops_corners, hellmonk_bongcloud_opening, kennysheep_dice

Skill      XL: |  1  2  3  4  5 |
---------------+----------------+-----
Spellcasting   | 3 4 5 |  5.7
Necromancy     | 4 5 |  5.7
Dodging        | |  1.7
Stealth        | |  1.4

Action                   |  1- 3 |  4- 6 || total
-------------------------+-------+-------++-------
Melee: Dagger            |    22 |       ||    22
       Short sword       |    42 |    18 ||    60
 Cast: Necrotize         |    46 |    87 ||   133
       Vampiric Draining |       |    10 ||    10
  Use: Potion            |     1 |     5 ||     6
       Scroll            |       |     4 ||     4
 Stab: Distracted        |     1 |       ||     1
Armor: Robe              |    35 |    17 ||    52
Dodge: Dodged            |    62 |    28 ||    90

Table legend: (Time is in decaauts)
 A = Elapsed time spent in this place.
 B = Non-inter-level travel time spent in this place.
 C = Inter-level travel time spent in this place.
 D = Time resting spent in this place.
 E = Time spent auto-exploring this place.
 F = Levels seen in this place.
 G = Mean time per level.
                   A        B        C        D        E       F      G
               +--------+--------+--------+--------+--------+-----+--------+
         Total |   4715 |   4593 |    122 |     65 |   3849 |   5 |  943.0 |
       Dungeon |   4715 |   4593 |    122 |     65 |   3849 |   5 |  943.0 |
               +--------+--------+--------+--------+--------+-----+--------+

Top non-repeatable levels by time:
     D:2: 1483 daAuts
     D:1: 1453 daAuts
     D:3: 903 daAuts
     D:4: 609 daAuts
     D:5: 265 daAuts
